 Dungeon Crawl Stone Soup version 0.28.0-43-g3370ac3207 (webtiles) character file.

Game seed: 2065172881640827850

436 sylnyx the Ducker (level 6, -1/50 HPs)
             Began as a Draconian Transmuter on Mar 22, 2022.
             Was an Initiate of Ignis.
             Slain by Pikel
             ... wielding a +1 whip of flaming
              (4 damage)
             ... on level 6 of the Dungeon.
             The game lasted 00:14:32 (3387 turns).

sylnyx the Ducker (Draconian Transmuter)            Turns: 3387, Time: 00:14:33

Health: -1/50      AC:  6    Str: 13    XL:     6   Next: 69%
Magic:  9/9        EV: 12    Int: 15    God:    Ignis [......]
Gold:   166        SH:  4    Dex: 11    Spells: 7/10 levels left

rFire   + . .      SeeInvis .   m - +0 flail
rCold   . . .      Faith    .   p - +0 buckler
rNeg    . . .      Spirit   .   (armour unavailable)
rPois   .          Reflect  .   (helmet restricted)
rElec   .          Harm     .   (no cloak)
rCorr   .          Rampage  .   (no gloves)
Will    .....                   (no boots)
Stlth   ++........              (no amulet)
HPRegen 0.16/turn               (no ring)
MPRegen 0.11/turn               (no ring)

@: no status effects
A: AC +6, unfitting armour, cold-blooded
a: Renounce Religion


You were on level 6 of the Dungeon.
You worshipped Ignis.
Ignis was noncommittal.
You visited 1 branch of the dungeon, and saw 6 of its levels.

You collected 166 gold pieces.

Inventory:

Hand Weapons
 d - a +0 hand axe
 g - a +0 short sword
 l - a +0 short sword
 m - a +0 flail (weapon)
Armour
 p - a +0 buckler (worn)
Scrolls
 a - 2 scrolls of identify {unknown}
 f - 2 scrolls of teleportation {unknown}
 j - a scroll of vulnerability {unknown}
 k - a scroll of amnesia
 n - a scroll of enchant weapon {unknown}
 o - a scroll of magic mapping {unknown}
 q - 2 scrolls of fear {unknown}
 r - a scroll of noise {unknown}
Potions
 b - a potion of might {unknown}
 c - a potion of haste {unknown}
 e - 2 potions of brilliance {unknown}
 h - 3 potions of attraction {unknown}
 i - a potion of mutation {unknown}
 s - a potion of cancellation {unknown}
 t - 2 potions of resistance {unknown}
 u - a potion of heal wounds {unknown}


   Skills:
 + Level 2.5 Fighting
 + Level 0.1 Short Blades
 + Level 1.2(2.5) Axes
 + Level 3.3(3.5) Maces & Flails
 * Level 3.4 Dodging
 + Level 1.2 Stealth
 + Level 1.6 Shields
 + Level 3.2 Unarmed Combat
 + Level 2.5 Spellcasting
 + Level 2.9 Transmutations


You had 7 spell levels left.
You knew the following spells:

 Your Spells              Type           Power      Damage    Failure   Level
a - Beastly Appendage     Tmut           20%        N/A       9%          1
b - Wereblood             Tmut           10%        N/A       13%         2

Your spell library contained the following spells:

 Spells                   Type           Power      Damage    Failure   Level
 Spider Form              Tmut/Pois      6%         N/A       41%         3
 Ice Form                 Ice/Tmut       6%         N/A       83%         4


Dungeon Overview and Level Annotations

Branches:
Dungeon (6/15)
 Temple: D:4-7

Altars:
Dithmenos
Gozag
The Shining One
Ignis

Shops:
D:5 ?

Annotations:
D:6 Pikel


Innate Abilities, Weirdness & Mutations

Your plain brown scales are hard. (AC +6)
You cannot fit into any form of body armour.
You are cold-blooded and may be slowed by cold attacks.


Message History

You closely miss Pikel. Your kick misses Pikel. Your headbutt misses Pikel.
You tail-slap Pikel, but do no damage.
Pikel is lightly wounded.
Your horns disappear.
Your talons disappear.
Pikel says, "All the demons know me.
They respect me."
Pikel hits you but does no damage.
You closely miss Pikel.
Your tail-slap misses Pikel.
Pikel is lightly wounded.
Pikel hits you with a +1 whip of flaming. x2
Pikel burns you.
Casting: Beastly Appendage (safe; 9% risk of failure)
Confirm with . or Enter, or press ? or * to list all spells.
You grow a pair of large bovine horns.
Your feet morph into talons.
Your transformation is almost over.
Pikel closely misses you.
You hit Pikel but do no damage. You claw Pikel.
Pikel is lightly wounded.
Pikel hits you with a +1 whip of flaming.
* * * LOW HITPOINT WARNING * * *
Pikel burns you.
* * * LOW HITPOINT WARNING * * *
You closely miss Pikel.
Pikel is lightly wounded.
Pikel barely misses you.
There is a stone staircase leading down here.
Pikel hits you with a +1 whip of flaming!
* * * LOW HITPOINT WARNING * * *
Pikel burns you.
* * * LOW HITPOINT WARNING * * *
You climb downwards.
Found a runed garnet ring and 21 gold pieces.
Found a glowing golden altar of the Shining One.
Found a stone staircase leading down.
There is a stone staircase leading up here.
Found a scale mail.
Your horns disappear.
Your talons disappear.
Found a knobbly coral ring.
An adder comes into view.
Pikel hits you with a +1 whip of flaming.
You die...

## ### .###.## ##
.#...##
#.###.....## .
...#.>.....###..
##
###.....=.......
..
#...............
#.##.#@#.....<.#
#......K......##
#.S≈≈≈≈≈≈≈≈≈...#
#..≈[......≈.#.#
#.=≈.≈≈≈≈≈.≈.#...
#..≈.≈_..≈.≈.#$###
#..≈.≈≈≈.≈.≈...#
#..≈.....≈.....#
#..≈≈≈≈≈≈≈≈≈...


You could see Pikel and an adder (wandering).

Vanquished Creatures
  A black bear (D:5)
  A phantom (D:5)
  A bullfrog (D:4)
  A wyvern zombie (D:5)
  A bullfrog skeleton (D:5)
  A centaur skeleton (D:5)
  2 adders
  An adder zombie (D:4)
  4 dart slugs
  An orc (D:4)
  4 endoplasms
  2 giant cockroaches
  7 goblins
  3 hobgoblins
  4 jackals (D:3)
  4 quokkas
  5 ball pythons
  5 bats
  4 frilled lizards
  7 kobolds
  5 rats
64 creatures vanquished.

Vanquished Creatures (others)
  52 foxfires
  2 withered plants (D:2)
54 creatures vanquished.

Grand Total: 118 creatures vanquished

Notes
Turn   | Place    | Note
-------+----------+-------------------------------------------
     0 | D:1      | sylnyx the Draconian Transmuter began the quest for the
                  | Orb.
     0 | D:1      | Reached XP level 1. HP: 16/16 MP: 3/3
   798 | D:1      | Reached XP level 2. HP: 23/23 MP: 3/5
   802 | D:1      | Learned a level 2 spell: Wereblood
  1183 | D:2      | Reached skill level 1 in Axes
  1183 | D:2      | Reached XP level 3. HP: 21/28 MP: 4/6
  1254 | D:2      | Found a faded altar of an unknown god.
  1263 | D:2      | Prayed at the altar of an unknown god.
  1263 | D:2      | Became a worshipper of Ignis, the Dying Flame
  1779 | D:3      | Found an opulent altar of Gozag.
  2308 | D:4      | Reached XP level 4. HP: 31/36 MP: 7/7
  2315 | D:4      | Found a shadowy altar of Dithmenos.
  2759 | D:4      | Noticed a bullfrog
  2763 | D:4      | Killed a bullfrog
  2764 | D:4      | Reached skill level 1 in Maces & Flails
  2764 | D:4      | Reached skill level 1 in Shields
  2764 | D:4      | Reached XP level 5. HP: 38/41 MP: 8/8
  3169 | D:5      | Entered Level 5 of the Dungeon
  3177 | D:5      | Noticed a black bear
  3182 | D:5      | Killed a black bear
  3223 | D:5      | Reached skill level 1 in Stealth
  3223 | D:5      | Reached XP level 6. HP: 46/48 MP: 7/9
  3305 | D:5      | Found Deab's Magic Scroll Boutique.
  3341 | D:5      | Noticed Pikel
  3378 | D:5      | HP: 1/50 [Pikel/+1 whip of flaming (2)]
  3379 | D:6      | Found a glowing golden altar of the Shining One.
  3387 | D:6      | Slain by Pikel

Illustrated notes

Levels and vault maps discovered:
D:1:      ncdulo_halloftheorcs, layout_loops_ring, chequers_decorated_corner
D:2:      layout_rooms, shapermc_ecumenical_altar_flowoftime,
          grunt_ministairs_10
D:3:      layout_basic, mainiacjoe_overflow_paths, minmay_misc_feat_cross
D:4:      layout_loops_corners, marbit_many_paths, grunt_ministairs_7
D:5:      layout_rooms, serial_shops, nicolae_shop_window_shopping, uniq_pikel
D:6:      layout_loops_ring, mainiacjoe_overflow_catwalk_spiral

Skill      XL: |  1  2  3  4  5  6 |
---------------+-------------------+-----
Dodging        | 2 3 |  3.4
Axes           | 1 |  1.2
Maces & Flails | 1 2 3 |  3.3
Shields        | 1 |  1.6
Fighting       | 2 |  2.5
Stealth        | 1 |  1.2
Short Blades   | |  0.1
Unarmed Combat | |  3.2
Spellcasting   | |  2.5
Transmutations | |  2.9

Action                   |  1- 3 |  4- 6 || total
-------------------------+-------+-------++-------
Melee: Hand axe          |    57 |       ||    57
       Kick              |     8 |     9 ||    17
       Headbutt          |     3 |     7 ||    10
       Unarmed           |     3 |       ||     3
       Tailslap          |     4 |     3 ||     7
       Flail             |    23 |    62 ||    85
       Short sword       |    15 |       ||    15
       Punch             |     1 |       ||     1
 Cast: Beastly Appendage |    11 |     6 ||    17
       Wereblood         |     3 |       ||     3
Invok: Fiery Armour      |     2 |     3 ||     5
       Foxfire Swarm     |       |     5 ||     5
       Rising Flame      |       |     1 ||     1
  Use: Scroll            |       |     1 ||     1
Armor: Skin              |    41 |    25 ||    66
Dodge: Dodged            |    84 |    38 ||   122
Block: Buckler           |       |    11 ||    11
